 Dungeon Crawl Stone Soup version 0.29-a0-824-gd827844252 (webtiles) character file.

Game seed: 12174116793465308551

294409 Malachi the Eclecticist (level 21, -11/220 HPs)
             Began as a Djinni Air Elementalist on July 10, 2022.
             Was the Champion of Makhleb.
             Mangled by a dire elephant (31 damage)
             ... on level 2 of the Vaults.
             The game lasted 02:04:10 (41634 turns).

Malachi the Eclecticist (Djinni Air Elementalist)  Turns: 41634, Time: 02:04:11

Health: -11/220    AC: 16    Str: 17    XL:     21   Next: 75%
Gold:   3587       EV: 19    Int: 27    God:    Makhleb [******] SH:  0 Dex: 21

rFire   + + .      SeeInvis .     - Unarmed
rCold   x . .      Faith    .   (shield currently unavailable)
rNeg    . . .      Spirit   .   (body armour currently unavailable)
rPois   ∞          Reflect  .   (helmet currently unavailable)
rElec   .          Harm     .   (cloak currently unavailable)
rCorr   .          Rampage  .   (gloves currently unavailable)
Will    ++...                   (boots unavailable)
Stlth   ++........              z - amulet of regeneration
HPRegen 1.26/turn               D - +6 ring of dexterity
MPRegen 0.00/turn               u - +4 ring of evasion

@: about to teleport, dragon-form, flying, studying 2 skills
A: dragon claw, dragon scales, breathe fire, flying, boosted hp, sickness
immunity, giant, (fire resistance 2), (cold vulnerability 1), float, innate
caster, HP casting, extra vitality 1
}: 2/15 runes: serpentine, barnacled
a: Breathe Fire, End Transformation, Renounce Religion, Minor Destruction,
Lesser Servant of Makhleb, Major Destruction, Greater Servant of Makhleb


You were on level 2 of the Vaults.
You worshipped Makhleb.
Makhleb was exalted by your worship.
You were a fearsome dragon!
You visited 8 branches of the dungeon, and saw 37 of its levels.
You also visited: Bailey.

You collected 5283 gold pieces.
You spent 1696 gold pieces at shops.

Inventory:

Armour
 d - the +1 helmet of Amelioration (melded) {Will++}
   (You acquired it on level 5 of the Dungeon)

   Will:      It greatly increases your willpower.
 k - a +4 troll leather armour (melded)
 r - the +0 troll leather armour "Iptewu Bolu" {rC+ Regen+ Stlth+}
   (You took it off a deep elf high priest on level 3 of the Elven Halls)

   rC:        It protects you from cold.
   Regen:     It increases your rate of health regeneration.
   Stlth:     It makes you more stealthy.
 F - a scarf of resistance (melded)
 S - the +2 buckler "Tosuomik" (melded) {rElec Will+}
   (You bought it in a shop on level 9 of the Dungeon)

   rElec:     It insulates you from electricity.
   Will:      It increases your willpower.
 U - a +0 pair of gloves of hurling (melded)
Magical Staves
 C - a staff of air (melded)
Jewellery
 j - a ring of resist corrosion
 u - a +4 ring of evasion (right foreclaw)
 z - an amulet of regeneration (around neck)
 D - a +6 ring of dexterity (left foreclaw)
 E - an amulet of reflection
 J - an amulet of faith
 N - the ring of Compulsion {*Slow rF+ rN++ Will+ Stlth+}
   (You found it on level 2 of the Lair of Beasts)

   [ring of willpower]

   rF:        It protects you from fire.
   rN:        It greatly protects you from negative energy.
   *Slow:     It may slow you when you take damage.
   Will:      It increases your willpower.
   Stlth:     It makes you more stealthy.
 O - a ring of protection from cold
 T - a ring of ice
Wands
 f - a wand of digging (16)
 h - a wand of polymorph (10)
 i - a wand of paralysis (28)
 m - a wand of roots (36)
 q - a wand of mindburst (21)
 x - a wand of acid (23)
 Q - a wand of flame (30)
Scrolls
 b - 6 scrolls of poison
 g - 3 scrolls of teleportation
 n - 6 scrolls of magic mapping
 o - a scroll of fear
 s - 4 scrolls of fog
 y - 4 scrolls of brand weapon
 K - 6 scrolls of enchant weapon
 M - a scroll of summoning
 R - 5 scrolls of immolation
 Y - 2 scrolls of silence
Potions
 a - 8 potions of invisibility
 c - 2 potions of heal wounds
 e - 6 potions of attraction
 l - 7 potions of brilliance
 p - 15 potions of curing
 t - 8 potions of might
 w - 9 potions of mutation
 A - 6 potions of cancellation
 B - 4 potions of lignification
 I - a potion of ambrosia
 L - 3 potions of resistance
 V - 2 potions of haste
 W - 2 potions of berserk rage
Miscellaneous
 G - a condenser vane
 H - a phial of floods
 P - a box of beasts
 X - a tin of tremorstones (2/2)
 Z - a phantom mirror


   Skills:
 - Level 12.0 Fighting
 - Level 1.5 Long Blades
 - Level 1.0(1.1) Axes
 - Level 0.6(1.0) Polearms
 - Level 1.0 Ranged Weapons
 - Level 0.7 Throwing
 - Level 9.1 Armour
 - Level 12.0 Dodging
 - Level 1.7 Stealth
 - Level 16.0 Shields
 - Level 13.3 Unarmed Combat
 * Level 17.4 Spellcasting
 - Level 13.5 Invocations
 - Level 12.0 Evocations


You couldn't memorise any spells.
You knew the following spells:

 Your Spells              Type           Power      Damage    Failure   Level
a - Shock                 Conj/Air       100%       1d9       0%          1
b - Static Discharge      Conj/Air       87%        3-14/arc  0%          2
c - Swiftness             Air            87%        N/A       0%          3
d - Airstrike             Air            43%        0-14+     0%          4
e - Sandblast             Erth           100%       2d20      0%          1
f - Ensorcelled Hibernat  Hex/Ice        100%       N/A       0%          2
g - Stone Arrow           Conj/Erth      100%       3d13      0%          3
h - Lesser Beckoning      Tloc           87%        N/A       0%          3
i - Lee's Rapid Deconstr  Erth           43%        3d22*     1%          5
j - Blade Hands           Tmut           43%        N/A       1%          5
k - Death Channel         Necr           43%        N/A       1%          6
l - Dragon Form           Tmut           43%        N/A       1%          7
m - Malign Gateway        Summ/Tloc      43%        N/A       1%          7
n - Maxwell's Capacitive  Air            43%        ∞         11%         8
Your spell library was empty.

Dungeon Overview and Level Annotations

Branches:
Dungeon (15/15)            Temple (1/1) D:4            Lair (6/6) D:8
 Shoals (4/4) Lair:3        Snake (4/4) Lair:4        Slime (0/5) Lair:5
    Orc (2/2) D:10            Elf (3/3) Orc:2        Vaults (2/5) D:13
 Bailey (visited)
  Crypt: Vaults:2-3  Depths: D:15

Altars:
Ashenzari
Cheibriados
Dithmenos
Elyvilon
Fedhas
Gozag
Hepliaklqana
Makhleb
Nemelex Xobeh
Okawaru
Qazlal
Ru
Trog
Uskayaw
Wu Jian
Xom
Yredelemnul
Zin
The Shining One
Jiyva

Shops:
D:9 [   Orc:2 ![!=!   Elf:3 [[?((   Shoals:1 (   Snake:3 *

Annotations:
D:15 exclusion: rakshasa


Innate Abilities, Weirdness & Mutations

You are a fearsome dragon!
You have a powerful clawing attack.
Your giant scaled body is strong and resiliant, but less evasive.
You can breathe fire.
You are flying.
Your maximum health is greatly increased.
Your armour is entirely melded.
You are incapable of wielding weapons or throwing items.
You are immune to sickness and miasma.
You are immune to poison.
((Your flesh is very heat resistant. (rF++)))
((You are vulnerable to cold. (rC-)))
You float through the air rather than walking.
You learn spells naturally, not from books.
Your magical power is your life essence.
You have superior vitality. (+4 MHP)


Message History

You bite the vault warden!!
The vault warden is almost dead.
You hit the vault warden but do no damage.
The vault warden is almost dead.
The vault warden hits you with a +0 dire flail!!
* * * LOW HITPOINT WARNING * * *
You hit the vault warden but do no damage.
The vault warden is almost dead.
The vault warden hits you with a +0 dire flail!
* * * LOW HITPOINT WARNING * * *
You feel much better. The vault warden misses you.
You maul the vault warden!!!
You kill the vault warden!
Makhleb accepts your kill.
You maul the dire elephant!!!
You tail-slap the dire elephant.
The dire elephant is heavily wounded.
You hit the dire elephant but do no damage.
You tail-slap the dire elephant, but do no damage.
The dire elephant is heavily wounded.
The dire elephant tramples you!
* * * LOW HITPOINT WARNING * * *
You hold your ground!
The dire elephant trunk-slaps you!
* * * LOW HITPOINT WARNING * * *
As you read the scroll of fear, it crumbles to dust.
You assume a fearsome visage.
The dire elephant resists with some effort.
The dire elephant resists with almost no effort.
The dire elephant tramples you but does no damage.
The dire elephant closely misses you.
The dire elephant attacks as you move away!
The dire elephant misses you. The dire elephant trunk-slaps you.
* * * LOW HITPOINT WARNING * * *
As you read the scroll of teleportation, it crumbles to dust.
You feel strangely unstable. The dire elephant barely misses you.
The dire elephant trunk-slaps you but does no damage.
The dire elephant attacks as you move away!
The dire elephant barely misses you. x2
The dire elephant attacks as you move away!
The dire elephant tramples you!!
You die...

#......#
#####'## #..
#..#
###..##..###
#.. #.)##..#
#..##..##..#
#[)##..###
###).##..#
#..##.D##..
#..##Y.# ..+
###.Y##..###
#..# ..#
#### ###


You could see 2 dire elephants.

Vanquished Creatures
  A titan (Shoals:4)
  Rupert (D:14)
  2 deep elf master archers (Elf:3)
  3 deep elf blademasters
  A kraken (Shoals:2)
  Roxanne (Shoals:1)
  2 nagarajas (Snake:4)
  The ghost of Hosunepni the Eviscerator, an adept FeBe of Trog (Vaults:1)
  6 deep elf sorcerers (Elf:3)
  Aizul (Shoals:4)
  2 vault wardens (Vaults:2)
  6 deep elf elementalists
  An ironbound thunderhulk (Vaults:1)
  3 ironbound preservers
  The ghost of gabibbone the Arsonist, a journeyman DsFE of Vehumet (D:15)
  5 deep elf demonologists
  Nessos (D:15)
  A dire elephant (Lair:6)
  An entropy weaver (Vaults:1)
  7 deep elf annihilators (Elf:3)
  5 merfolk impalers
  9 merfolk javelineers
  Josephine (D:10)
  2 yaktaur captains (Vaults:1)
  6 deep elf death magi (Elf:3)
  3 great orbs of eyes
  3 deep elf high priests (Elf:3)
  An ice dragon (Lair:1)
  A boulder beetle (D:13)
  Erolcha (Orc:1)
  2 salamander tyrants (Snake:4)
  A merfolk avatar (Shoals:1)
  4 vault guards (Vaults:1)
  5 hydras
  2 ogre magi
  A catoblepas (Lair:6)
  A peacekeeper (Vaults:2)
  3 merfolk aquamancers (Shoals:4)
  3 ironbound frosthearts
  16 anacondas
  7 centaur warriors
  9 two-headed ogres
  6 naga warriors
  10 death yaks
  2 satyrs (Shoals:4)
  A tengu warrior (D:14)
  29 dancing weapons
  12 naga sharpshooters
  7 shock serpents
  Urug (Lair:3)
  Sonja (Lair:5)
  21 deep elf knights
  Amaemon (Lair:1)
  A death drake (shapeshifter) (D:13)
  4 salamander mystics (Snake:4)
  6 deep trolls (Vaults:1)
  3 skeletal warriors (D:12)
  8 sea snakes
  4 naga ritualists
  10 deep elf archers
  A wizard (D:13)
  An orc knight (Bailey)
  2 orange crystal statues
  15 lindwurms
  38 deep elf zephyrmancers
  3 ironbound convokers (Vaults:1)
  8 harpies
  28 deep elf pyromancers
  22 ugly things
  6 fauns
  9 mana vipers
  A wolf spider (D:15)
  9 manticores
  4 cyclopes
  10 salamanders
  9 orc sorcerers
  6 naga magi
  20 elephants
  5 merfolk sirens
  39 black mambas
  9 guardian serpents
  7 water nymphs
  An orange demon (Lair:1)
  4 vault sentinels
  An ice statue (Lair:1)
  A gargoyle (D:11)
  18 cane toads
  A kobold demonologist (D:14)
  5 rime drakes
  An unseen horror (D:13)
  2 ice devils (Lair:1)
  An efreet (D:15)
  An entropy weaver simulacrum (Lair:1)
  10 yaktaurs
  11 komodo dragons
  7 trolls
  13 merfolk
  A hornet (D:8)
  11 wind drakes
  5 polar bears
  6 snapping turtles
  A blink frog (shapeshifter) (D:15)
  27 blink frogs
  22 slime creatures
  6 dream sheep (Lair:6)
  2 centaur simulacra (D:14)
  2 vampires
  13 air elementals
  3 shadows
  15 water elementals
  64 yaks
  6 wraiths
  A human (D:9)
  3 hogs (D:9)
  3 fire elementals
  5 steam dragons
  4 basilisks
  8 wyverns
  A redback (Vaults:1)
  16 vampire mosquitoes
  A warg (Orc:2)
  26 nagas
  13 water moccasins
  15 orc warriors
  5 black bears
  6 ogres
  4 boggarts (Vaults:1)
  18 wolves
  14 centaurs
  A phantom (D:3)
  4 kobold brigands
  12 bullfrogs
  An earth elemental (Elf:2)
  2 necrophages
  A two-headed ogre simulacrum (Lair:1)
  2 gnoll sergeants
  A cane toad simulacrum (Lair:1)
  3 scorpions
  8 wights
  12 killer bees
  2 electric eels (Lair:2)
  2 howler monkeys
  A gnoll bouda (D:5)
  2 jellies
  13 orc priests
  Natasha (thrice) (D:3)
  2 iguanas (D:6)
  Ijyb (D:3)
  20 orc wizards
  A spriggan simulacrum (Lair:1)
  5 hell rats (Lair:4)
  Robin (D:2)
  8 adders
  13 gnolls
  4 worms
  2 dart slugs
  43 orcs
  7 bats
  9 endoplasms
  10 giant cockroaches
  17 goblins
  14 hobgoblins
  7 jackals
  32 kobolds
  5 quokkas
  8 ball pythons
  7 frilled lizards
  8 rats
1210 creatures vanquished.

Vanquished Creatures (collateral kills)
  2 merfolk javelineers
  An ogre mage (D:15)
  2 two-headed ogres (D:15)
  A death yak (Lair:5)
  Nergalle (Orc:2)
  A deep elf knight (Elf:2)
  A sea snake (Shoals:4)
  3 harpies
  A manticore (Shoals:2)
  An ugly thing (D:15)
  A vault sentinel (Vaults:1)
  A water nymph (Shoals:4)
  2 merfolk (Shoals:2)
  A water elemental (Shoals:4)
  A warg (Orc:1)
  3 orc warriors (Orc:1)
  2 ogres
  An orc priest (Orc:1)
  6 orc wizards
  8 orcs
40 creatures vanquished.

Vanquished Creatures (others)
  2 eldritch tentacles
  2 deep elf knights (Elf:2)
  2 deep elf pyromancers
  A polar bear (Lair:1)
  A boggart (Vaults:1)
  55 fungi
  88 plants
  12 tentacles (Shoals:2)
163 creatures vanquished.

Grand Total: 1413 creatures vanquished

Notes
Turn   | Place    | Note
-------+----------+-------------------------------------------
     0 | D:1      | Malachi the Djinni Air Elementalist began the quest for the
                  | Orb.
     0 | D:1      | Malachi set off with the following spells memorised: Shock,
                  | Static Discharge, Swiftness, Airstrike.
     0 | D:1      | Reached XP level 1. HP: 15/15 MP: 0/0
   173 | D:1      | Reached XP level 2. HP: 19/21 MP: 0/0
   773 | D:1      | Reached skill level 3 in Spellcasting
   854 | D:1      | Reached XP level 3. HP: 22/25 MP: 0/0
   854 | D:1      | Learned a level 1 spell: Sandblast
  1451 | D:2      | Reached XP level 4. HP: 22/31 MP: 0/0
  1456 | D:2      | Noticed Robin
  1827 | D:2      | Killed Robin
  2408 | D:2      | Reached skill level 4 in Spellcasting
  2408 | D:2      | Reached XP level 5. HP: 33/35 MP: 0/0
  2408 | D:2      | Learned a level 2 spell: Ensorcelled Hibernation
  3103 | D:3      | Noticed a phantom
  3116 | D:3      | Killed a phantom
  3117 | D:3      | Reached XP level 6. HP: 31/40 MP: 0/0
  3202 | D:3      | Noticed Ijyb
  3211 | D:3      | Killed Ijyb
  3444 | D:3      | Reached skill level 5 in Spellcasting
  3526 | D:3      | Found a snail-covered altar of Cheibriados.
  3604 | D:3      | Noticed a black bear
  3613 | D:3      | Killed a black bear
  3891 | D:3      | Noticed Natasha
  3893 | D:3      | Killed Natasha
  3894 | D:3      | Reached XP level 7. HP: 43/45 MP: 0/0
  3894 | D:3      | Learned a level 3 spell: Stone Arrow
  4066 | D:3      | Noticed Natasha
  4077 | D:3      | Killed Natasha
  4530 | D:3      | Noticed Natasha
  4536 | D:3      | Killed Natasha
  5738 | D:4      | Found a sacrificial altar of Ru.
  5821 | D:4      | HP: 2/45 [orc priest/divine providence (17)]
  5825 | D:4      | Reached skill level 6 in Spellcasting
  6365 | D:4      | Found an iron altar of Okawaru.
  6520 | D:4      | Found a staircase to the Ecumenical Temple.
  6679 | D:4      | Found a stormy altar of Qazlal.
  6796 | Temple   | Entered the Ecumenical Temple
  6923 | D:5      | Entered Level 5 of the Dungeon
  7066 | D:5      | Reached XP level 8. HP: 45/50 MP: 0/0
  7150 | D:5      | Found a shadowy altar of Dithmenos.
  7156 | D:5      | Reached skill level 7 in Spellcasting
  7275 | D:5      | Found a sparkling altar of Nemelex Xobeh.
  7580 | D:5      | Identified a scroll of acquirement
  7580 | D:5      | Acquired the +1 helmet of Amelioration {Will++}
  7754 | D:6      | Found a burning altar of Makhleb.
  7903 | D:6      | Reached skill level 1 in Fighting
  7903 | D:6      | Reached skill level 8 in Spellcasting
  7945 | D:6      | Reached XP level 9. HP: 48/59 MP: 0/0
  7945 | D:6      | Learned a level 3 spell: Lesser Beckoning
  8041 | D:6      | Reached skill level 1 in Armour
  9351 | D:7      | Found an opulent altar of Gozag.
  9352 | D:7      | Found a broken altar of Ashenzari.
  9444 | D:7      | Found a glowing silver altar of Zin.
  9655 | D:8      | Reached skill level 5 in Armour
  9691 | D:8      | Noticed a hornet
  9697 | D:8      | Killed a hornet
  9698 | D:8      | Reached skill level 5 in Fighting
  9702 | D:8      | Reached XP level 10. HP: 27/70 MP: 0/0
  9775 | D:8      | Found a staircase to the Lair.
  9934 | D:8      | Reached skill level 5 in Dodging
 10759 | D:9      | Reached XP level 11. HP: 53/82 MP: 0/0
 10759 | D:9      | Learned a level 5 spell: Lee's Rapid Deconstruction
 10902 | D:9      | Found Voiloen's Armour Shoppe.
 10908 | D:9      | Bought a scarf of resistance for 448 gold pieces
 11196 | D:9      | Acquired a manual of Shields
 11198 | D:9      | Acquired a manual of Spellcasting
 11222 | D:9      | Noticed a cyan ugly thing
 11229 | D:9      | Killed a cyan ugly thing
 11230 | D:9      | Reached skill level 1 in Shields
 11431 | D:9      | Identified the +0 robe of the Moon Troll {MP+9 Int+4
                  | Stlth+}
 11589 | D:9      | Reached skill level 9 in Spellcasting
 11967 | D:10     | Entered Level 10 of the Dungeon
 12021 | D:10     | Found a flagged portal.
 12032 | Bailey   | Entered a bailey
 12039 | Bailey   | Noticed an orc knight
 12310 | Bailey   | Killed an orc knight
 12311 | Bailey   | Reached skill level 10 in Spellcasting
 12452 | D:10     | Reached skill level 5 in Shields
 12554 | D:10     | Noticed Josephine
 12559 | D:10     | Killed Josephine
 12560 | D:10     | Reached skill level 11 in Spellcasting
 12630 | D:10     | Found a basalt altar of Yredelemnul.
 12685 | D:10     | Reached XP level 12. HP: 79/88 MP: 0/0
 12860 | D:10     | Found a staircase to the Orcish Mines.
 13701 | D:11     | Reached skill level 12 in Spellcasting
 13999 | D:11     | You are sucked into a shaft and drop 2 floors!
 14018 | D:13     | Identified the +8 long sword of the Ageing Seeker {vorpal,
                  | rC+}
 14031 | D:13     | Noticed a centaur warrior
 14122 | D:13     | Noticed a centaur warrior
 14130 | D:12     | Identified the +2 robe of the Invisible Tales {rF++ Regen+}
 14176 | D:12     | Noticed a two-headed ogre
 14179 | D:12     | Killed a two-headed ogre
 14482 | D:6      | Became a worshipper of Makhleb the Destroyer
 14852 | D:12     | Noticed a skeletal warrior
 14852 | D:12     | Noticed a skeletal warrior
 14852 | D:12     | Noticed a two-headed ogre
 14853 | D:12     | Noticed a skeletal warrior
 14856 | D:12     | Killed a skeletal warrior
 14943 | D:12     | Killed a skeletal warrior
 14979 | D:12     | Killed a two-headed ogre
 14980 | D:12     | Reached skill level 13 in Spellcasting
 14999 | D:12     | Killed a skeletal warrior
 15100 | D:12     | Reached skill level 10 in Shields
 15244 | D:12     | Noticed a two-headed ogre
 15247 | D:12     | Killed a two-headed ogre
 15248 | D:12     | Reached XP level 13. HP: 86/93 MP: 0/0
 15248 | D:12     | Learned a level 5 spell: Blade Hands
 15295 | D:12     | Identified the +8 chain mail "Sotha" {rElec rPois Int-5
                  | Dex+6}
 15511 | D:13     | Killed a centaur warrior
 15878 | D:13     | Found a gate to the Vaults.
 16056 | D:13     | Killed a centaur warrior
 16274 | D:14     | Noticed a boulder beetle
 16292 | D:13     | Killed a boulder beetle
 16300 | D:14     | Reached * piety under Makhleb
 16385 | D:14     | Noticed a centaur warrior
 16393 | D:14     | Killed a centaur warrior
 16460 | D:14     | Reached skill level 1 in Long Blades
 16634 | D:14     | Reached skill level 15 in Shields
 16748 | D:14     | Noticed a centaur warrior
 16751 | D:14     | Killed a centaur warrior
 16765 | D:14     | Noticed a centaur warrior
 16770 | D:14     | Killed a centaur warrior
 16771 | D:14     | Reached XP level 14. HP: 78/99 MP: 0/0
 17225 | D:14     | Noticed Rupert
 17249 | D:14     | Killed Rupert
 17579 | Lair:1   | Entered Level 1 of the Lair of Beasts
 17632 | Lair:1   | Reached ** piety under Makhleb
 17701 | Lair:1   | Noticed Amaemon
 17794 | Lair:1   | Killed Amaemon
 17963 | Lair:1   | Reached skill level 1 in Evocations
 18412 | Lair:1   | Reached *** piety under Makhleb
 18563 | Lair:2   | Reached skill level 10 in Fighting
 18640 | Lair:2   | Identified the ring of Compulsion {*Slow rF+ rN++ Will+
                  | Stlth+}
 19378 | Lair:3   | Noticed Urug
 19384 | Lair:3   | Killed Urug
 19455 | Lair:3   | Reached skill level 5 in Evocations
 19507 | Lair:3   | Acquired 782 gold pieces
 19694 | D:9      | Bought the +2 buckler "Tosuomik" {rElec Will+} for 477 gold
                  | pieces
 19839 | Lair:3   | Found a staircase to the Shoals.
 19943 | Lair:3   | Reached **** piety under Makhleb
 19949 | Lair:3   | Reached XP level 15. HP: 77/109 MP: 0/0
 19949 | Lair:3   | Learned a level 6 spell: Death Channel
 20451 | Lair:4   | Found a staircase to the Snake Pit.
 21373 | Lair:5   | Reached skill level 10 in Dodging
 21411 | Lair:5   | Identified the +6 mace of Recklessness {speed, Fly rF- rC+
                  | rCorr}
 21441 | Lair:5   | Reached ***** piety under Makhleb
 21894 | Lair:5   | Noticed Sonja
 21897 | Lair:5   | Killed Sonja
 21926 | Lair:5   | Found a viscous altar of Jiyva.
 21928 | Lair:5   | Found a staircase to the Slime Pits.
 22258 | Lair:6   | Entered Level 6 of the Lair of Beasts
 22596 | Lair:6   | Reached XP level 16. HP: 114/118 MP: 0/0
 23516 | Lair:6   | Reached skill level 10 in Evocations
 24067 | Orc:1    | Entered Level 1 of the Orcish Mines
 24067 | Orc:1    | Noticed Erolcha
 24072 | Orc:1    | Killed Erolcha
 24093 | Orc:1    | Reached ****** piety under Makhleb
 24313 | Orc:2    | Entered Level 2 of the Orcish Mines
 24366 | Orc:2    | Found a staircase to the Elven Halls.
 24452 | Orc:2    | Found Doguekasch's Distillery.
 24614 | Orc:2    | Found Foblysotom's Distillery.
 24642 | Orc:2    | Reached skill level 1 in Axes
 24642 | Orc:2    | Reached skill level 1 in Invocations
 24658 | Orc:2    | Reached skill level 1 in Ranged Weapons
 24660 | Orc:2    | Noticed Nergalle
 24684 | Orc:2    | Killed Nergalle
 24842 | Orc:2    | Found Nitwuemo's Jewellery Emporium.
 24967 | Orc:2    | Found Lapsosmi's Distillery.
 24985 | Orc:2    | Found Lismuyd's Antique Armour Emporium.
 25002 | Orc:2    | Bought a potion of heal wounds for 70 gold pieces
 25002 | Orc:2    | Bought a potion of heal wounds for 70 gold pieces
 25002 | Orc:2    | Bought a potion of haste for 140 gold pieces
 25004 | Orc:2    | Bought a potion of mutation for 112 gold pieces
 25062 | Orc:2    | Bought a potion of heal wounds for 65 gold pieces
 25062 | Orc:2    | Bought a potion of mutation for 104 gold pieces
 25388 | D:15     | Entered Level 15 of the Dungeon
 25388 | D:15     | Noticed Nessos
 25395 | D:15     | Killed Nessos
 25692 | D:15     | Identified the +8 falchion of the Hated {vorpal, Dex+4
                  | Stlth+}
 25696 | D:15     | Found a runed translucent door.
 25698 | D:15     | Noticed gabibbone's ghost (journeyman DsFE)
 25723 | D:15     | Killed gabibbone's ghost
 26547 | D:15     | Reached XP level 17. HP: 98/123 MP: 0/0
 26547 | D:15     | Learned a level 7 spell: Dragon Form
 26582 | D:15     | Reached skill level 1 in Unarmed Combat
 26902 | Snake:1  | Entered Level 1 of the Snake Pit
 27972 | Snake:2  | Reached skill level 14 in Spellcasting
 28738 | Snake:3  | Found Macecisoj's Merry Market.
 28943 | Snake:3  | Reached skill level 15 in Spellcasting
 29232 | Snake:4  | Entered Level 4 of the Snake Pit
 29291 | Snake:4  | Reached XP level 18. HP: 97/130 MP: 0/0
 30664 | Snake:4  | Reached skill level 16 in Spellcasting
 30769 | Snake:4  | Got a serpentine rune of Zot
 30996 | Shoals:1 | Entered Level 1 of the Shoals
 31373 | Shoals:1 | Found Nobuixz Eracw's Weapon Emporium.
 31396 | Shoals:1 | Identified Roxanne's Spellbook of Reformation
 31396 | Shoals:1 | Noticed Roxanne
 31470 | Shoals:1 | Killed Roxanne
 31471 | Shoals:1 | Reached skill level 5 in Unarmed Combat
 32345 | Shoals:2 | Noticed a kraken
 32361 | Shoals:2 | Killed a kraken
 32478 | Shoals:2 | Reached XP level 19. HP: 135/135 MP: 0/0
 32478 | Shoals:2 | Learned a level 7 spell: Malign Gateway
 34002 | Shoals:4 | Entered Level 4 of the Shoals
 34002 | Shoals:4 | Found a blossoming altar of Fedhas.
 34260 | Shoals:4 | Identified the +5 great mace of a ziggurat {vorpal, Contam
                  | rN+ MP+9 SInv}
 34276 | Shoals:4 | Noticed a titan
 34281 | Shoals:4 | Identified the +1 leather armour of Unreason {*Corrode
                  | Dex+4}
 34286 | Shoals:4 | Reached skill level 10 in Unarmed Combat
 34432 | Shoals:4 | Killed a titan
 34441 | Shoals:4 | Got a barnacled rune of Zot
 34477 | Shoals:4 | Paralysed by an air elemental for 1 turns
 34483 | Shoals:4 | Paralysed by an air elemental for 1 turns
 34489 | Shoals:4 | Paralysed by an air elemental for 1 turns
 34739 | Shoals:4 | Paralysed by an air elemental for 1 turns
 34881 | Shoals:4 | Noticed Aizul
 34993 | Shoals:4 | Killed Aizul
 35517 | Elf:1    | Entered Level 1 of the Elven Halls
 36516 | Elf:2    | Paralysed by an air elemental for 1 turns
 36766 | Elf:2    | Reached XP level 20. HP: 141/141 MP: 0/0
 36813 | Elf:2    | Reached skill level 5 in Invocations
 37143 | Elf:2    | Found a runed translucent gate.
 37143 | Elf:2    | Found a runed translucent gate.
 37143 | Elf:2    | Found a runed translucent gate.
 37847 | Elf:3    | Entered Level 3 of the Elven Halls
 37900 | Elf:3    | Found Atasidop's Antique Weapon Emporium.
 37900 | Elf:3    | Found Juvehacw's Magic Scroll Shoppe.
 37901 | Elf:3    | Found Voumocw's Antique Armour Shoppe.
 37907 | Elf:3    | Found Buafiam's Weapon Emporium.
 37942 | Elf:3    | Reached skill level 10 in Invocations
 37990 | Elf:3    | Bought a scroll of blinking for 105 gold pieces
 37990 | Elf:3    | Bought a scroll of blinking for 105 gold pieces
 38032 | Elf:3    | Paralysed by an air elemental for 1 turns
 38237 | Elf:3    | Found Xugecu's Antique Armour Shoppe.
 38439 | Elf:3    | Reached XP level 21. HP: 38/144 MP: 0/0
 38439 | Elf:3    | Learned a level 8 spell: Maxwell's Capacitive Coupling
 38708 | Elf:3    | Identified the +0 troll leather armour "Iptewu Bolu" {rC+
                  | Regen+ Stlth+}
 39709 | Vaults:1 | Entered Level 1 of the Vaults
 40110 | Vaults:1 | Found a runed translucent gate.
 40110 | Vaults:1 | Found a runed translucent gate.
 40110 | Vaults:1 | Found a runed translucent gate.
 40110 | Vaults:1 | Noticed Hosunepni's ghost (adept FeBe)
 40130 | Vaults:1 | Killed Hosunepni's ghost
 40133 | Vaults:1 | Identified the +4 dagger of Compulsion {vorpal, Contam
                  | Will+ Str+3 Int+2}
 40474 | Vaults:1 | Reached skill level 17 in Spellcasting
 41622 | Vaults:2 | HP: 8/220 [vault warden/+0 dire flail (17)]
 41634 | Vaults:2 | Mangled by a dire elephant

Illustrated notes

Levels and vault maps discovered:
D:1:      dpeg_arrival_line_fractal, layout_rooms,
          shapermc_ecumenical_altar_rom_forum, serial_forest,
          infiniplex_forest_lined_room_2, infiniplex_forest_straight_5,
          infiniplex_forest_corner_1, infiniplex_forest_3_way,
          infiniplex_forest_corner_1, hangedman_decor_opposing,
          chequers_serial_rivers_micro_a, glass_columns_a
D:2:      layout_loops_ring, minmay_misc_feat_square, minmay_hexomino_f4,
          uniq_robin
D:3:      layout_basic, slow_altar_1, portal_sewer_entry_f, uniq_ijyb,
          uniq_natasha
D:4:      layout_basic, okawaru_metal_pillars_3, nicolae_ru_awakened_eye,
          mainiacjoe_overflow_alcove_1, temple_green,
          hangedman_abyss_or_decor_lesser_grid
D:5:      layout_rooms, mainiacjoe_overflow_concentric_impassable,
          kennysheep_mini, hangedman_glass_teeth
D:6:      layout_basic, mainiacjoe_overflow_tiny_flanked
D:7:      layout_cave_pods, marbit_many_paths,
          gammafunk_temple_overflow_forgotten
D:8:      layout_rooms, due_lair_maze_entry_diamond
D:9:      layout_gridville, amcnicky_altar_gilded, serial_shops,
          nicolae_shop_crystal, grunt_livestock, minmay_misc_feat_five
D:10:     cheibrodos_iron_armory, layout_layer_cave,
          mainiacjoe_overflow_brackets, minmay_orc_entry_temple_small,
          enter_bailey_5, uniq_josephine
D:11:     layout_small_grid
D:12:     layout_roguey
D:13:     layout_cave_pools, david_vaults_1
D:14:     layout_basic, minivault_11, minmay_fractal_squares_diagonal_5,
          uniq_rupert
D:15:     gammafunk_enter_depths_forms, layout_layer_cave,
          hellmonk_ghost_happy_afterlife, uniq_nessos
Temple:   hellmonk_temple_beads
Lair:1:   dreamdust_isle_of_ice, layout_regular_city, uniq_amaemon
Lair:2:   layout_gridlike
Lair:3:   layout_cave_pods, elwin_shoals_entry_rocks,
          grunt_forest_small_clearing_treed, grunt_megastairs_3, uniq_urug
Lair:4:   layout_cave_pods, guppyfry_snake_entry_island, fungi_pond_lemuel,
          infiniplex_staircase_pool_2
Lair:5:   layout_roguey, slime_entry_1, grunt_megastairs_2,
          serial_bayou_shore_a, uniq_sonja
Lair:6:   hangedman_lair_in_review, layout_concentric_octagons
Shoals:1: layout_shoals, serial_shops, nicolae_shop_bloodbath_and_beyond,
          uniq_roxanne
Shoals:2: layout_shoals, nicolae_shoals_drake_roost
Shoals:3: layout_shoals, nicolae_shoals_water_elemental_grotto
Shoals:4: shoals_end_hellmonk_storm_palace [storm_palace_center_ruins,
          storm_palace_corner_narrow, storm_palace_corner_pillars,
          storm_palace_corner_altar, storm_palace_corner_narrow], uniq_aizul
Snake:1:  layout_misc_corridors
Snake:2:  layout_rooms, nicolae_triple_integral
Snake:3:  layout_basic, nicolae_alphabet_shops
Snake:4:  snake_pit_salamanders_mu, layout_cave_town,
          nrook_guardian_serpent_double
Orc:1:    layout_diamond_mine, uniq_gastronok, uniq_erolcha
Orc:2:    kennysheep_orc_mage_school, layout_caves, serial_shops,
          nicolae_shop_trees
Elf:1:    eino_elf_arrival_shootout, layout_geoelf_diagonals,
          minmay_elf_sorcery, minivault_16
Elf:2:    nicolae_elf_blades_splatter_lattice
          [nicolae_blade_entry_hurt_lockers], layout_geoelf_octagon,
          minivault_16
Elf:3:    grunt_elf_hall_diamonds, layout_geoelf_grid, serial_shops,
          nicolae_shop_crystal, minmay_shoptagon
Vaults:1: ebering_ghost_rock_garden, nicolae_vaults_alarming, v_misc_13,
          hangedman_vaults_nails, vaults_room_grunt_arrival_checkpoint,
          vaults_mumra_hex, vaults_room_hallway, layout_vaults_quadrants
Vaults:2: gammafunk_ghost_crypt, nicolae_vaults_twisting_passages,
          hangedman_vaults_hat, vaults_mumra_minichess,
          minmay_crypt_entry_vampire_xt, nicolae_vaults_back_hallway,
          vaults_mumra_chevron_long, ontoclasm_vaults_loading_screen,
          nicolae_vaults_asterisk, v_misc_3, layout_vaults_maze_bifur,
          serial_shops, shop

Skill      XL: |  1  2  3  4  5  6  7  8  9 10 11 12 13 14 15 16 17 18 19 20 21 |
---------------+----------------------------------------------------------------+-----
Spellcasting   | 3 4 5 6 8 11 13 15 16 17 | 17.4
Fighting       | 2 5 8 10 12 | 12.0
Armour         | 6 9 |  9.1
Dodging        | 6 7 9 11 12 | 12.0
Shields        | 5 11 15 16 | 16.0
Long Blades    | 1 |  1.5
Evocations     | 5 8 12 | 12.0
Axes           | 1 |  1.0
Invocations    | 1 3 12 13 | 13.5
Ranged Weapons | 1 |  1.0
Unarmed Combat | 2 7 13 | 13.3
Polearms       | |  0.6
Throwing       | |  0.7
Stealth        | |  1.7

Action                   |  1- 3 |  4- 6 |  7- 9 | 10-12 | 13-15 | 16-18 | 19-21 || total
-------------------------+-------+-------+-------+-------+-------+-------+-------++-------
Melee: Mace              |       |    12 |     3 |       |       |       |       ||    15
       Staff             |       |       |       |     5 |     8 |    25 |     5 ||    43
       Long sword        |       |       |       |       |     1 |       |       ||     1
       Unarmed           |       |       |       |       |       |    54 |   437 ||   491
       Tailslap          |       |       |       |       |       |    13 |    86 ||    99
       Bite              |       |       |       |       |       |     9 |    67 ||    76
       Punch             |       |       |       |       |       |     1 |    44 ||    45
 Cast: Shock             |    75 |   129 |   190 |    66 |    59 |     4 |     1 ||   524
       Static Discharge  |       |     2 |    14 |   108 |   115 |    34 |       ||   273
       Airstrike         |       |       |     1 |    84 |   531 |   688 |    70 ||  1374
       Swiftness         |       |       |     1 |     2 |     3 |     3 |     2 ||    11
       Stone Arrow       |       |       |    31 |    30 |       |   105 |       ||   166
       Lee's Rapid Decon |       |       |       |     5 |     3 |    77 |   209 ||   294
       Ensorcelled Hiber |       |       |       |     4 |     1 |     2 |       ||     7
       Death Channel     |       |       |       |       |     1 |    11 |     7 ||    19
       Dragon Form       |       |       |       |       |       |     7 |    45 ||    52
       Malign Gateway    |       |       |       |       |       |       |     2 ||     2
 Abil: Breathe Fire      |       |       |       |       |       |     2 |     6 ||     8
Evoke: Wand              |       |       |       |       |       |       |     7 ||     7
       Phial of floods   |       |       |       |       |       |       |     1 ||     1
  Use: Potion            |       |       |     1 |       |       |     2 |     3 ||     6
       Scroll            |       |       |    11 |    14 |     9 |    10 |    12 ||    56
 Stab: Sleeping          |       |       |       |       |       |     1 |     2 ||     3
Armor: Robe              |     3 |     9 |     3 |     2 |       |       |       ||    17
       Leather armour    |       |       |     8 |    12 |       |       |       ||    20
       Troll leather arm |       |       |       |       |    56 |    55 |     4 ||   115
       Skin              |       |       |       |       |       |    28 |   172 ||   200
Dodge: Dodged            |    12 |    11 |    47 |    85 |   227 |   369 |   411 ||  1162
Block: Buckler           |       |       |       |    16 |   147 |   168 |    22 ||   353

Table legend: (Time is in decaauts)
 A = Elapsed time spent in this place.
 B = Non-inter-level travel time spent in this place.
 C = Inter-level travel time spent in this place.
 D = Time resting spent in this place.
 E = Time spent auto-exploring this place.
 F = Levels seen in this place.
 G = Mean time per level.
                   A        B        C        D        E       F      G
               +--------+--------+--------+--------+--------+-----+--------+
         Total |  41577 |  37619 |   3958 |   6535 |  22464 |  38 | 1094.1 |
       Dungeon |  19399 |  16883 |   2516 |   3797 |  10440 |  15 | 1293.3 |
        Temple |    104 |     94 |     10 |      0 |     84 |   1 |  104.0 |
          Lair |   6588 |   6058 |    530 |    635 |   4071 |   6 | 1098.0 |
        Shoals |   4319 |   4079 |    240 |    609 |   2564 |   4 | 1079.8 |
     Snake Pit |   3893 |   3607 |    286 |    599 |   1894 |   4 |  973.2 |
  Orcish Mines |   1335 |   1158 |    177 |    123 |    581 |   2 |  667.5 |
   Elven Halls |   3997 |   3838 |    159 |    594 |   1823 |   3 | 1332.3 |
        Vaults |   1546 |   1508 |     38 |    178 |    985 |   2 |  773.0 |
        Bailey |    393 |    393 |      0 |      0 |     22 |   1 |  393.0 |
               +--------+--------+--------+--------+--------+-----+--------+

Top non-repeatable levels by time:
     D:3: 2874 daAuts
  Lair:6: 1667 daAuts
 Snake:4: 1647 daAuts
   Elf:3: 1613 daAuts
     D:1: 1609 daAuts
     D:9: 1456 daAuts
Vaults:1: 1414 daAuts
  Lair:4: 1409 daAuts
    D:13: 1407 daAuts
    D:14: 1400 daAuts
     D:7: 1397 daAuts
Shoals:2: 1354 daAuts
    D:10: 1329 daAuts
   Elf:2: 1288 daAuts
     D:8: 1286 daAuts
